 Dungeon Crawl Stone Soup version 0.26-a0-1184-g95e395e029 (webtiles) character file.

Game seed: 642737414004393585

3680 Azzok the Geomancer (level 9, -4/57 HPs)
             Began as a Demonspawn Earth Elementalist on Dec 27, 2020.
             Was a Believer of Vehumet.
             Slain by a yak (14 damage)
             ... on level 11 of the Dungeon.
             The game lasted 00:14:20 (10599 turns).

Azzok the Geomancer (DsEE)                         Turns: 10599, Time: 00:14:21

Health: -4/57      AC:  8    Str:  8    XL:     9   Next: 90%
Magic:  14/19      EV: 12    Int: 20    God:    Vehumet [**....]
Gold:   294        SH:  0    Dex: 14    Spells: 13/22 levels left

rFire    . . .     SeeInvis +   H - +2 dagger (venom)
rCold    + . .     Faith    .   (no shield)
rNeg     . . .     Spirit   .   A - +2 robe {Will+}
rPois    .         Reflect  .   (no helmet)
rElec    .         Harm     .   C - scarf {repulsion}
rCorr    .         Rampage  .   (no gloves)
Will     +....                  m - +0 pair of boots
Stlth    ++........             (no amulet)
HPRegen  0.19/turn              f - ring of protection from cold
MPRegen  0.16/turn              e - ring of see invisible

@: repel missiles
A: claws 1, thin metallic scales 2, powered by death 2
a: Renounce Religion


You were on level 11 of the Dungeon.
You worshipped Vehumet.
Vehumet was pleased with you.
You visited 2 branches of the dungeon, and saw 10 of its levels.
You also visited: Ossuary.

You collected 619 gold pieces.
You spent 325 gold pieces at shops.

Inventory:

Hand Weapons
 F - the +3 dagger of Risk Management {vorpal, +Rage}
   (You found it on level 7 of the Dungeon)

   It inflicts extra damage upon your enemies.
   It lets you go berserk.
 H - a +2 dagger of venom (weapon)
Missiles
 b - 129 stones (quivered)
Armour
 m - a +0 pair of boots (worn)
 A - a +2 robe of willpower (worn)
 C - a scarf of repulsion (worn)
Jewellery
 e - a ring of see invisible (right claw)
 f - a ring of protection from cold (left claw)
 g - an uncursed ring of resist corrosion
 I - an uncursed ring of ice
Wands
 c - a wand of polymorph (9)
 q - a wand of flame (20)
 G - a wand of acid (10)
 J - a wand of digging (6)
Scrolls
 a - a scroll of noise {unknown}
 l - 9 scrolls of teleportation
 r - 2 scrolls of fear
 s - 3 scrolls of magic mapping
 t - 3 scrolls of amnesia {unknown}
 w - 6 scrolls of remove curse
 x - 2 scrolls of immolation {unknown}
 y - 2 scrolls of fog
 D - 3 scrolls of blinking
 E - 2 scrolls of identify
Potions
 d - a potion of magic
 h - 3 potions of heal wounds
 i - a potion of cancellation {unknown}
 j - a potion of ambrosia
 k - a potion of might
 n - 2 potions of curing
 o - 3 potions of haste
 p - 3 potions of brilliance
 u - a potion of attraction {unknown}
 v - 3 potions of flight {unknown}
 z - 2 potions of degeneration {unknown}
 B - 3 potions of resistance {unknown}


   Skills:
 - Level 1.7 Dodging
 - Level 1.7 Stealth
 + Level 7.2 Spellcasting
 + Level 7.8 Conjurations
 - Level 0.8 Transmutations
 + Level 8.9 Earth Magic


You had 13 spell levels left.
You knew the following spells:

 Your Spells              Type           Power        Failure   Level
a - Sandblast             Erth           84%          1%          1
b - Stone Arrow           Conj/Erth      80%          1%          3
c - Lee's Rapid Deconstr  Erth           21%          7%          5

Your spell library contained the following spells:

 Spells                   Type           Power        Failure   Level
 Shock                    Conj/Air       88%          1%          1
 Passwall                 Tmut/Erth      21%          1%          2
 Petrify                  Tmut/Erth      26%          12%         4


Dungeon Overview and Level Annotations

Branches:
Dungeon (8/15)             Temple (1/1) D:7         Ossuary (visited)
   Lair: D:8-11

Altars:
Ashenzari
Cheibriados
Dithmenos
Elyvilon
Fedhas
Gozag
Hepliaklqana
Kikubaaqudgha
Makhleb
Nemelex Xobeh
Qazlal
Ru
Sif Muna
Vehumet
Wu Jian
Xom
Yredelemnul
Zin
The Shining One

Shops:
D:4 :   D:7 *


Innate Abilities, Weirdness & Mutations

You have sharp fingernails.
You are mostly covered in thin metallic scales. (AC +3)
You regenerate health from kills.


Message History

Press: ? - help, Shift-Dir - straight line, f/p - yak
Aim: a yak (almost dead, 10% to evade)
The blast of sand hits the yak!!
You kill the yak!
Vehumet accepts your kill.
You feel your power returning.
b - 130 stones The yak gores you!
* * * LOW HITPOINT WARNING * * *
The yak completely misses you.
Casting: Sandblast (safe; 1% risk of failure)
Confirm with . or Enter, or press ? or * to list all spells.
Aiming: Sandblast (safe; 1% risk of failure)
Press: ? - help, Shift-Dir - straight line, f - yak
Aim: a yak (10% to evade)
The blast of sand hits the yak!
The yak is moderately wounded.
b - 129 stones The yak gores you!
You die...

▒▒▒▒▒▒
▒····▒
▒····▒
▒····▒
▒···Y▒▒▒▒▒▒▒
▒····▒·····▒
▒····▒YY···▒
▒·····†@···▒
▒····▒▒▒▒··▒
▒····▒ ·▒
▒····▒ ▒
▒·!··▒
▒····▒
▒····▒
▒▒▒▒▒▒


You could see 2 yaks.

Vanquished Creatures
  Joseph (D:7)
  2 yaks (D:11)
  A water moccasin (D:8)
  An orc warrior (D:7)
  Duvessa (D:6)
  3 ice beasts
  2 phantoms
  2 black bears
  2 centaurs
  3 ogres
  Blork the orc (D:5)
  3 bullfrogs
  Dowan (D:6)
  A scorpion (D:6)
  3 howler monkeys
  A bullfrog zombie (D:8)
  2 hounds
  An orc priest (D:3)
  3 bullfrog skeletons
  2 centaur skeletons
  3 iguanas
  7 orc wizards
  Terence (D:3)
  9 worker ants
  7 big kobold zombies (Ossuary)
  A hound zombie (D:6)
  A hound skeleton (D:4)
  2 mummies
  10 adders
  2 shadow imps
  4 white imps
  2 ufetubi
  2 oozes
  An adder zombie (D:8)
  A worm (D:3)
  3 dart slugs
  6 leopard geckos
  18 orcs
  3 spectral bats (Ossuary)
  2 ball pythons
  8 giant cockroaches
  5 goblins
  8 hobgoblins
  5 jackals (D:1)
  5 kobolds
  5 quokkas
  6 bats
  8 bat simulacra (Ossuary)
  6 frilled lizards
  5 gnoll zombies (Ossuary)
  A goblin simulacrum (Ossuary)
  A goblin zombie (Ossuary)
  7 hobgoblin zombies (Ossuary)
  2 kobold simulacra (Ossuary)
  4 kobold zombies (Ossuary)
  2 leopard gecko zombies
  6 orc zombies (Ossuary)
  3 rats
  3 rat simulacra (Ossuary)
  3 spectral goblins (Ossuary)
  3 spectral kobolds (Ossuary)
  4 spectral rats (Ossuary)
221 creatures vanquished.

Vanquished Creatures (others)
  A plant (D:8)
1 creature vanquished.

Grand Total: 222 creatures vanquished

Notes
Turn   | Place    | Note
-------+----------+-------------------------------------------
     0 | D:1      | Azzok the Demonspawn Earth Elementalist began the quest for
                  | the Orb.
     0 | D:1      | Reached XP level 1. HP: 13/13 MP: 3/3
    10 | D:1      | Noticed a centaur
   322 | D:1      | Reached skill level 3 in Earth Magic
   442 | D:1      | Gained mutation: You have sharp fingernails. [demonic
                  | ancestry]
   442 | D:1      | Reached XP level 2. HP: 19/19 MP: 1/5
  1870 | D:2      | Gained mutation: You regenerate a little health from kills.
                  | [demonic ancestry]
  1870 | D:2      | Reached XP level 3. HP: 12/24 MP: 3/6
  2139 | D:2      | Reached skill level 4 in Earth Magic
  2437 | D:2      | Learned a level 3 spell: Stone Arrow
  2613 | D:2      | Reached XP level 4. HP: 30/30 MP: 5/7
  2875 | D:3      | Noticed Terence
  2885 | D:3      | Reached skill level 5 in Earth Magic
  3118 | D:3      | Killed Terence
  3119 | D:3      | Reached XP level 5. HP: 32/35 MP: 1/8
  3237 | D:3      | Reached skill level 1 in Conjurations
  3709 | D:3      | Found a white marble altar of Elyvilon.
  4097 | D:3      | Found a basalt altar of Yredelemnul.
  4287 | D:4      | Found Zynti's Book Shop.
  4552 | D:4      | Found an ornate altar of the Wu Jian Council.
  4788 | D:4      | Reached XP level 6. HP: 41/41 MP: 9/9
  5419 | D:5      | Entered Level 5 of the Dungeon
  5425 | D:5      | Reached skill level 6 in Earth Magic
  5486 | D:5      | Learned a level 5 spell: Lee's Rapid Deconstruction
  5495 | D:5      | Noticed an ice beast
  5502 | D:5      | Killed an ice beast
  5503 | D:5      | Gained mutation: You are partially covered in thin metallic
                  | scales. (AC +2) [demonic ancestry]
  5503 | D:5      | Reached XP level 7. HP: 40/46 MP: 5/11
  5851 | D:5      | Noticed Blork the orc
  5857 | D:5      | Killed Blork the orc
  6081 | D:5      | Gained mutation: You regenerate health from kills. [demonic
                  | ancestry]
  6081 | D:5      | Reached XP level 8. HP: 52/52 MP: 9/14
  6972 | D:6      | Reached skill level 7 in Earth Magic
  7004 | D:6      | Reached skill level 5 in Conjurations
  7247 | D:6      | Reached skill level 5 in Spellcasting
  7501 | D:6      | Noticed Duvessa
  7503 | D:6      | Noticed Dowan
  7539 | D:6      | Killed Duvessa
  7557 | D:6      | Killed Dowan
  7819 | D:7      | Found Liklin's General Store.
  7828 | D:7      | Found a staircase to the Ecumenical Temple.
  7840 | D:7      | Gained mutation: You are mostly covered in thin metallic
                  | scales. (AC +3) [demonic ancestry]
  7840 | D:7      | Reached XP level 9. HP: 57/57 MP: 3/17
  7847 | Temple   | Entered the Ecumenical Temple
  7884 | Temple   | Became a worshipper of Vehumet
  8025 | D:7      | Found a sand-covered staircase.
  8034 | Ossuary  | Entered an ossuary
  8489 | Ossuary  | Reached * piety under Vehumet
  8489 | Ossuary  | Offered knowledge of Foxfire by Vehumet.
  8665 | Ossuary  | Reached skill level 8 in Earth Magic
  8847 | Ossuary  | Reached ** piety under Vehumet
  8847 | Ossuary  | Offered knowledge of Shock by Vehumet.
  9061 | D:7      | Got a masterwork dagger
  9062 | D:7      | Identified the +3 dagger of Risk Management {vorpal, +Rage}
                  | (You found it on level 7 of the Dungeon)
  9066 | D:7      | Noticed Joseph
  9328 | D:7      | Killed Joseph
  9442 | D:7      | Bought a scroll of teleportation for 39 gold pieces
  9442 | D:7      | Bought a potion of brilliance for 52 gold pieces
  9442 | D:7      | Bought a potion of curing for 39 gold pieces
  9442 | D:7      | Bought an uncursed ring of see invisible for 195 gold
                  | pieces
 10042 | D:8      | Found a sacrificial altar of Ru.
 10585 | D:8      | You fall into a shaft and drop 3 floors!
 10599 | D:11     | Slain by a yak

Illustrated notes

Levels and vault maps discovered:
D:1:      evilmike_arrival_come_back, layout_basic, minmay_tiny_reverse_x
D:2:      layout_basic
D:3:      layout_loops_ring, kennysheep_ying_yang, uniq_terence
D:4:      minmay_razor_zed, layout_basic, lemuel_doored_altar, serial_shops,
          shop, kennysheep_nub
D:5:      layout_cave_pods, uniq_blork_the_orc
D:6:      layout_basic, uniq_duvessa
D:7:      layout_rooms, minmay_temple_entry_waves, gup_ossuary_entry_pyramid,
          serial_shops, shop, uniq_joseph
D:8:      layout_loops_ring, nicolae_ru_awakened_eye,
          chequers_serial_rivers_room_b, serial_bayou_crossing
D:11:     layout_grid_maze, uniq_urug
Temple:   eino_wide_crystal_templ

Skill      XL: |  1  2  3  4  5  6  7  8  9 |
---------------+----------------------------+-----
Earth Magic    | 3 4 5 6 7 8 |  8.9
Conjurations   | 2 3 4 6 7 |  7.8
Spellcasting   | 3 4 5 7 |  7.2
Dodging        | |  1.7
Stealth        | |  1.7
Transmutations | |  0.8

Action                   |  1- 3 |  4- 6 |  7- 9 || total
-------------------------+-------+-------+-------++-------
Melee: Unarmed           |     8 |       |       ||     8
       Dagger            |    55 |    71 |   285 ||   411
 Cast: Sandblast         |    22 |    82 |   133 ||   237
       Stone Arrow       |       |       |    68 ||    68
       Lee's Rapid Decon |       |       |     3 ||     3
  Use: Scroll            |       |       |    12 ||    12
       Potion            |       |       |     1 ||     1
 Stab: Sleeping          |     3 |     4 |    11 ||    18
Armor: Robe              |     6 |    17 |    94 ||   117
       Skin              |       |       |    28 ||    28
Dodge: Dodged            |    38 |    79 |   150 ||   267

Table legend: (Time is in decaauts)
 A = Elapsed time spent in this place.
 B = Non-inter-level travel time spent in this place.
 C = Inter-level travel time spent in this place.
 D = Time resting spent in this place.
 E = Time spent auto-exploring this place.
 F = Levels seen in this place.
 G = Mean time per level.
                   A        B        C        D        E       F      G
               +--------+--------+--------+--------+--------+-----+--------+
         Total |  10612 |  10433 |    179 |   2137 |   6416 |  11 |  964.7 |
       Dungeon |   9552 |   9373 |    179 |   1790 |   6131 |   9 | 1061.3 |
        Temple |     52 |     52 |      0 |      0 |      0 |   1 |   52.0 |
       Ossuary |   1007 |   1007 |      0 |    347 |    285 |   1 | 1007.0 |
               +--------+--------+--------+--------+--------+-----+--------+

Top non-repeatable levels by time:
     D:1: 1983 daAuts
     D:5: 1466 daAuts
     D:2: 1224 daAuts
     D:4: 1158 daAuts
     D:3: 1056 daAuts
     D:6: 1027 daAuts
 Ossuary: 1007 daAuts
     D:8: 945 daAuts
     D:7: 675 daAuts
  Temple: 52 daAuts
    D:11: 13 daAuts
